Cogmind - Beta 9.6 @@@ ROGUE MODE // 2020.06.23 @ 15:23:27 Player: Slaanesh Result: Destroyed by G-34 Mercenary with Small Laser Performance ------------- Evolutions (1) 500 Regions Visited (2) 400 Robots Destroyed (20) 100 Value Destroyed (448) 448 Prototype IDs (0) 0 Alien Tech Used (0) 0 Bonus (200) 200 TOTAL SCORE: 1648 Bonus ------- Pacifist 200 Cogmind --------- Core Integrity 0/400 Matter 294/300 Energy 265/265 System Corruption 0% Temperature Cool (6) Movement Walking (120) Location -9/Materials Parts ------- > --- POWER (1) -------- Improved Ion Engine > --- PROPULSION (4) --- Aluminum Leg Aluminum Leg Aluminum Leg Aluminum Leg > --- UTILITY (2) ------ Small Storage Unit Light Armor Plating > --- WEAPON (2) ------- Light Assault Rifle Mining Claw > --- INVENTORY (6) ---- Heat Sink Small Laser Small Laser Assault Rifle Mini Grenade Launcher Datajack Peak State ------------ > --- POWER ------------ Light Ion Engine > --- PROPULSION ------- Compact Wheel Compact Wheel Compact Wheel Compact Wheel > --- UTILITY ---------- Small Storage Unit Signal Interpreter > --- WEAPON ----------- Assault Rifle Heavy Assault Rifle > --- INVENTORY -------- Aluminum Leg Compact Wheel Small Laser Datajack [Rating: 10] Favorites ----------- Power Improved Ion Engine Engine Improved Ion Engine Propulsion Aluminum Leg Leg Aluminum Leg Wheel Wheel Utility Small Storage Unit Storage Small Storage Unit Processor Signal Interpreter Protection Light Armor Plating Weapon Light Assault Rifle Energy Gun Small Laser Ballistic Gun Light Assault Rifle Slashing Weapon Mining Claw Special Melee Weapon Datajack Build | -11 -10 -9 ------- Run | Scr Mat Mat Slots Evolved 2 | . . 2 Power . | . . . Propulsion 2 | . . 2 Utility . | . . . Weapon . | . . . Parts Attached 30 | 5 3 22 Power 3 | 1 . 2 Engine 3 | 1 . 2 Core . | . . . Reactor . | . . . Propulsion 12 | 2 . 10 Treads . | . . . Leg 4 | . . 4 Wheel 8 | 2 . 6 Hover . | . . . Flight . | . . . Utility 4 | . 2 2 Device . | . . . Storage 1 | . 1 . Processor 2 | . 1 1 Hackware . | . . . Protection 1 | . . 1 Artifact . | . . . Weapon 11 | 2 1 8 Energy Gun 4 | 2 . 2 Energy Cannon . | . . . Ballistic Gun 5 | . . 5 Ballistic Cannon . | . . . Launcher . | . . . Special Weapon . | . . . Impact Weapon . | . . . Slashing Weapon 1 | . . 1 Piercing Weapon . | . . . Special Melee Weapon 1 | . 1 . Unidentified Prototypes . | . . . Parts Lost 11 | . . 11 Power 2 | . . 2 Propulsion 5 | . . 5 Utility . | . . . Weapon 4 | . . 4 Highest Loss Streak 7 | . . 7 Average Slot Usage (%) 85 | . 88 85 Engine 9 | . 14 8 Leg 15 | . . 18 Wheel 17 | . 28 15 Storage 11 | . 11 11 Processor 5 | . 5 5 Protection 4 | . . 5 Energy Gun 6 | . 26 2 Ballistic Gun 11 | . . 13 Slashing Weapon 1 | . . 1 Special Melee Weapon 2 | . 1 3 Naked Turns . | . . . Heaviest Build 17 | 8 12 17 Greatest Support 64 | 20 20 64 Greatest Overweight (x) . | . . . Average Overweight (x) . | . . . Largest Inventory Capacity 6 | 4 6 6 Average Capacity 5 | 4 5 6 Most Carried 6 | 4 6 6 Average Carried 4 | 1 4 4 Final Capacity 6 | 4 6 6 Final Carried 6 | 2 5 6 Class Distribution -------------------- 53% | Mutant 46% | Scavenger-Mutant Dominant Class ---------------- Mutant | -10/Materials Scavenger-Mutant | -9/Materials Resources | -11 -10 -9 ----------- Run | Scr Mat Mat Matter Collected 565 | 82 . 483 Remotely . | . . . Salvage Created 644 | . . 644 Parts 49 | . . 49 Haulers Intercepted . | . . . Recyclers Shooed . | . . . Parts Field Recycled . | . . . Retrieved Matter . | . . . Parts Self-Destructed . | . . . Prevented . | . . . Kills | -11 -10 -9 ------- Run | Scr Mat Mat Combat Hostiles Destroyed 18 | . . 18 Melee 1 | . . 1 Guns 17 | . . 17 Classes Destroyed 5 | . . 5 Recycler 1 | . . 1 Watcher 1 | . . 1 Swarmer 10 | . . 10 Grunt 4 | . . 4 Sentry 4 | . . 4 Best Kill Streak 9 | . . 9 Combat Bots Only 8 | . . 8 Max Kills in Single Turn 1 | . . 1 Gunslinging . | . . . Exploded . | . . . Melee 1 | . . 1 Uniques/NPCs Destroyed . | . . . Combat | -11 -10 -9 -------- Run | Scr Mat Mat Damage Taken 1422 | . 6 1416 Core 405 | . . 405 Absorbed by Shields . | . . . Core Remaining (%) 100 | 100 100 . Volleys Fired 80 | . 3 77 Largest 2 | . 1 2 Hottest 60 | . 50 60 Shots Fired 103 | . 3 100 Gun 103 | . 3 100 Cannon . | . . . Launcher . | . . . Special . | . . . Kinetic 71 | . . 71 Thermal 32 | . 3 29 Explosive . | . . . Electromagnetic . | . . . Robot Hit Streak 7 | . 1 7 Robot Miss Streak 3 | . 1 3 Penetration Max . | . . . Secondary Targets 2 | . . 2 Max Gunslinging Chain 1 | . . 1 Shots Hit Robots 74 | . 2 72 Core Hits 29 | . . 29 Critical Hits . | . . . Critical Kills . | . . . Critical Parts Destroyed . | . . . Melee Attacks 12 | . 1 11 Impact . | . . . Slashing 8 | . . 8 Piercing . | . . . Sneak Attacks 1 | . . 1 Combat Hostiles . | . . . Follow-up Attacks . | . . . Damage Inflicted 913 | . 25 888 Guns 757 | . 13 744 Cannons . | . . . Explosions . | . . . Melee 143 | . . 143 Ramming 13 | . 12 1 Kinetic 510 | . . 510 Thermal 247 | . 13 234 Explosive . | . . . Electromagnetic . | . . . Impact . | . . . Slashing 143 | . . 143 Piercing . | . . . Highest Corruption . | . . . Average Corruption . | . . . Corruption Purged . | . . . Overload Shots . | . . . Overflow Damage . | . . . Projectiles . | . . . Explosions . | . . . Melee . | . . . Knockbacks . | . . . Impact . | . . . Kinetic . | . . . Secondary . | . . . Self-Inflicted Damage 6 | . 6 . Shots . | . . . Rammed 1 | . 1 . Targets Rammed 4 | . 1 3 Kicked 3 | . . 3 Crushed . | . . . Highest Temperature 34 | . 20 34 Average Temperature 6 | . 10 5 Received Heat Transfer 342 | . . 342 Siege Activations . | . . . Robots Corrupted . | . . . Combat Hostiles . | . . . Parts Fried . | . . . Impact Corruptions . | . . . Robots Melted . | . . . Combat Hostiles . | . . . Parts Melted 4 | . . 4 Heat Transferred 609 | . 37 572 Parts Sabotaged . | . . . Parts Stolen . | . . . Parts Stripped . | . . . Power Chain Reactions . | . . . Missiles Intercepted . | . . . Alert | -11 -10 -9 ------- Run | Scr Mat Mat Peak Influence 295 | . 34 295 Average Influence 111 | . 14 134 Maximum Alert Level 1 | . . 1 Low Security (%) 70 | 100 100 63 Level 1 29 | . . 36 Level 2 . | . . . Level 3 . | . . . Level 4 . | . . . Level 5 . | . . . High Security . | . . . Max Security . | . . . Squads Dispatched 1 | . . 1 Investigation . | . . . Extermination . | . . . Reinforcement 1 | . . 1 Assault . | . . . Garrison . | . . . Intercept . | . . . Construction Impeded . | . . . Haulers Reinforced . | . . . Stealth | -11 -10 -9 --------- Run | Scr Mat Mat Distress Signals 2 | . . 2 Communications Jammed . | . . . Distress Signals . | . . . Times Spotted 30 | . 3 27 Peak Tracking Total 6 | . 2 6 Tactical Retreats 1 | . . 1 Traps | -11 -10 -9 ------- Run | Scr Mat Mat Traps Triggered . | . . . Indirectly . | . . . Trap Hack Attempts . | . . . Triggered . | . . . Disarmed . | . . . Reprogrammed . | . . . Reused . | . . . Traps Extracted . | . . . Installed . | . . . Triggered . | . . . Machines | -11 -10 -9 ---------- Run | Scr Mat Mat Machines Disabled 1 | . . 1 Max in Single Turn 1 | . . 1 Machines Sabotaged . | . . . Garrisons Compromised . | . . . Overloaded Fab Kills . | . . . Fab Network Shutdowns . | . . . Hacking | -11 -10 -9 --------- Run | Scr Mat Mat Machines Accessed 3 | . 1 2 Terminals 3 | . 1 2 Fabricators . | . . . Repair Stations . | . . . Recycling Units . | . . . Scanalyzers . | . . . Garrison Access . | . . . Total Hacks 6 | . 3 3 Successful 5 | . 2 3 Failed 1 | . 1 . Catastrophic . | . . . Database Lockouts . | . . . Manual . | . . . Terminals 6 | . 3 3 Fabricators . | . . . Repair Stations . | . . . Recycling Units . | . . . Scanalyzers . | . . . Garrison Access . | . . . Terminal Hacks 5 | . 2 3 Record 5 | . 2 3 Fabricator Hacks . | . . . Repair Station Hacks . | . . . Recycling Unit Hacks . | . . . Scanalyzer . | . . . Garrison Access Hacks . | . . . Unauthorized Hacks . | . . . Terminals . | . . . Fabricators . | . . . Repair Stations . | . . . Recycling Units . | . . . Scanalyzers . | . . . Garrison Access . | . . . Data Cores Recovered . | . . . Used . | . . . Hacking Detections 2 | . 1 1 Full Trace Events . | . . . Feedback Events . | . . . Feedback Blocked . | . . . Robot Schematics Acquired . | . . . Robots Built . | . . . Matter . | . . . Time . | . . . Total Robot Build Rating . | . . . Part Schematics Acquired . | . . . Parts Built . | . . . Matter . | . . . Time . | . . . Total Part Build Rating . | . . . Parts Repaired . | . . . Time . | . . . Parts Recycled . | . . . Recycled Matter . | . . . Retrieved Matter . | . . . Retrieved Components . | . . . Parts Scanalyzed . | . . . Part Schematics Acquired . | . . . Parts Damaged . | . . . Bothacking | -11 -10 -9 ------------ Run | Scr Mat Mat Used RIF Installer . | . . . Robots Hacked 3 | . 1 2 Non-combat 2 | . 1 1 Combat 1 | . . 1 Robot Hacks Applied 3 | . 1 2 parse_system 2 | . 1 1 no_distress 1 | . . 1 Relay Couplers Released . | . . . Robots Rewired . | . . . Allies Hacked . | . . . Hacks Repelled . | . . . Allies | -11 -10 -9 -------- Run | Scr Mat Mat Total Allies . | . . . Largest Group . | . . . Highest-Rated Group . | . . . Highest-Rated Ally . | . . . Total Orders . | . . . Ally Attacks . | . . . Total Damage . | . . . Kills . | . . . Allies Corrupted . | . . . Allies Melted . | . . . Intel | -11 -10 -9 ------- Run | Scr Mat Mat Robot Analysis Total . | . . . Derelict Logs Recovered . | . . . Drone Launches . | . . . Drone Recoveries . | . . . Exploration | -11 -10 -9 ------------- Run | Scr Mat Mat Turns Passed 1086 | 58 143 885 Spaces Moved 779 | 59 143 577 Core 4 | 4 . . Treads . | . . . Legs 331 | . . 331 Wheels 444 | 55 143 246 Hover . | . . . Flight . | . . . Fastest Speed 50 | 50 80 80 Average Speed 100 | 77 80 107 Slowest Speed 120 | 80 80 120 Overloaded Moves . | . . . Propulsion Burnouts . | . . . Robots Hopped . | . . . Cave-ins Triggered . | . . . Exploration Rate (%) 22 | 4 26 36 Regions Visited 2 Branch Regions . Pre-discovered Areas . | . . . Known Exits Taken . | . . . Unknown Exits Taken 2 | 1 1 . Scrap Searched . | . . . Spaces Dug . | . . . Terrain Destroyed . | . . . Melee . | . . . Projectile . | . . . AOE . | . . . Actions | -11 -10 -9 --------- Run | Scr Mat Mat Total 975 | 70 167 738 Wait 18 | . 11 7 Move 777 | 58 142 577 Hop . | . . . Pick Up 38 | 7 5 26 Fast Attach 3 | . . 3 Attach 23 | 5 3 15 Detach 2 | . 1 1 Swap 4 | . . 4 Drop 14 | . . 14 Fire 80 | . 3 77 Melee 12 | . 1 11 Ram 1 | . 1 . Kick 3 | . . 3 Crush . | . . . Escape Stasis . | . . . Rewire . | . . . Trap . | . . . Miscellaneous . | . . . Route ------- -11/Scrapyard -10/Materials -9/Materials History --------- Turn | Location | Event 2 | -11/Scrapyard | Met Revision 17 23 | -11/Scrapyard | Discovered new exit (range 15) 59 | -11/Scrapyard | Entered Materials 187 | -10/Materials | Discovered new exit (range 6) 202 | -10/Materials | Entered another Materials area 202 | -9/Materials | Evolved 2 slots: Propulsion x2 330 | -9/Materials | Build established: Mutant 359 | -9/Materials | Lost 4 parts (1p2n1w) 505 | -9/Materials | Core integrity fell below 50% 560 | -9/Materials | Core integrity fell below 20% 587 | -9/Materials | Lost 7 parts (1p3n3w) 595 | -9/Materials | Destroyed 8 combat bots 894 | -9/Materials | Build established: Scavenger-Mutant 1087 | -9/Materials | Destroyed by G-34 Mercenary with Small Laser Last Messages --------------- 00955_ Acquired 10 matter. 00960_ Dropped Lgt. Assault Rifle. 00962_ Acquired Aluminum Leg. 00964_ Dropped Aluminum Leg. 00964_ Acquired Aluminum Leg. 00977_ R-06 Scavenger collects Aluminum Leg. 00983_ R-06 Scavenger collects Heat Sink. 00986_ R-06 Scavenger collects Lgt. Assault Rifle. 00987_ G-34 Mercenary destroyed. 00987_ K-01 Serf collects debris. 00991_ Acquired 17 matter. 00994_ Acquired Sml. Laser. 00996_ K-01 Serf collects debris. 00999_ R-06 Scavenger collects Ion Engine. 01000_ K-01 Serf collects debris. 01028_ O-16 Technician: "IFF HANDSHAKE FAILED. SECURING TERMINAL." 01058_ ALERT: Hostiles spotted, dispatching reinforcements to Terminal M002. 01059_ Dropped Lgt. Assault Rifle. 01059_ Acquired Assault Rifle. Map ----- +----------------------------------------------------+ | ?????????????????????????????????????????????# | | ?????????????????????????????????????????????? | | ??????????????????????????????????????????#### | | ??????????????????????????????????? ??? | | ??????????????????????????????????? ??? | | ??????????????????????????????????? ??? | | ??????????????????????????????????? """?""" | | ??????????????????????????????????? """"??""" | | ??????????????????????????????????? ???"" | | ??????????????????????????????????? ? | | ?????????????????????????########## ??? | | ?????????????????????????# "" # #????### | | ?????????????????????????# ""S # #??????? | | ?????????????????????????# "" # #??????? | | ?????????????????????????# # #??????? | | ?????????????????????????# # #??????? | | ?????????????#???????????# """ # #??????? | | ?????????????# ??????????# """ / #??????? | | ?????????????# ?????????# """ # #??????? | | ?????????????# ????????# # #??????? | | ?????????????# ################## #??????? | | ????????""" # #??????? | | ????????""" + % +??????? | | ?????????????# #??????? | | ?????????????# ###g############## #??????? | | ?????????????????# @ #??????# #??????? | | ?????????????????# #??????# #??????? | | ?????????????????# ######## #??????? | | ?????????????????# # ## #??????? | | ?????????????????# [ # ## #???###? | | ?????????????????# # ## ##?## ## | | ?????????????????# # # #?# * | | ?????????????????# + # #?# | | ?????????????????########### + ! #?# [ | | ???????????????????????????# #% #?# | | ???????????????????????????# # #?# == | | ???????????????????????????# ### ###?# = | | ???????????????????????????# #?# #???# * | | ???????????????????????????# #?# #???#= | | ???????????????????????????# #?# #???# = | | ???????????????????###############?# #???##### | | ???????????????????# #????????# #??????# | | ???????????????????# ########## ######## | | ???????????????????# "" + | | ???????????????????# "Y #################### | | ???????????????????# "" #??????????????????? | | ???????????????????# #??????????????????? | | ???????????????????########??????????????????? | | | | | +----------------------------------------------------+ Best States ------------- Heat Dissipation 28 Energy Generation 12 Energy Capacity 265 Matter Stores 300 Matter Capacity 300 Sight Range 16 Terrain Scan Density 10 Armor Coverage 150 Evasion (%) 44 Targeting Accuracy 5 Item Schematics ----------------- None Robot Schematics ------------------ None Fabricated ------------ Nothing Alien Tech Used ----------------- None Achievements -------------- None Challenges ------------ None Game ------ Seed CorruptionSuspensionSuite Manual? 0 Play Time 00:17:16 Cumulative 5.2 hours Start 2020.06.22 @ 20:24:46 End 2020.06.23 @ 15:23:27 Sessions 2 Manual Loads 0 Difficulty Rogue Special Mode None Game No. 10 Rogue 10 Adventurer 0 Explorer 0 Win Type - Total 0 Types 0/0/0/0/0/0/0 Lore% 2 Gallery% 12 Achievement% 10 Wizard Run 0 Options --------- ASCII 0 Keyboard 0 Movement Numpad Keybinds 0 Fullscreen 1 Font 18/X11Bold Map View 76x50 Tactical HUD 1 Map Filters NONE Filters NONE Steam 1 RUN: ad1d72cb-0ddb-4606-b568-3b94673dd04c